 Dungeon Crawl Stone Soup version 0.27.0-1-g7a089689b8 (webtiles) character file.

Game seed: 15822315568671728012

277 hawla the Cleaver (level 6, -2/75 HPs)
             Began as a Minotaur Gladiator on Aug 15, 2021.
             Killed by divine providence
             ... invoked by an orc priest
              (11 damage)
             ... while paralysed by Grinder
             ... on level 4 of the Dungeon.
             The game lasted 00:05:01 (3686 turns).

hawla the Cleaver (Minotaur Gladiator)              Turns: 3686, Time: 00:05:01

Health: -2/75      AC: 23    Str: 19    XL:     6   Next: 4%
Magic:  5/5        EV:  2    Int:  6    God:
Gold:   197        SH:  0    Dex: 12    Spells: 5/5 levels left

rFire    . . .     SeeInvis .   a - +0 war axe
rCold    . . .     Faith    .   (no shield)
rNeg     + + +     Spirit   .   (armour currently unavailable)
rPois    +         Reflect  .   (helmet currently unavailable)
rElec    .         Harm     .   (cloak currently unavailable)
rCorr    .         Rampage  .   (gloves currently unavailable)
Will     .....     NoTele   +   (boots currently unavailable)
Stlth    +.........             (no amulet)
HPRegen  0.22/turn              (no ring)
MPRegen  0.09/turn              (no ring)

@: paralysed, tree-form, attractive
A: stationary, stasis, torment immunity, boosted hp, (horns 2), (retaliatory
headbutt)
a: no special abilities


You were on level 4 of the Dungeon.
You were a tree.
You visited 1 branch of the dungeon, and saw 4 of its levels.

You collected 207 gold pieces.
You spent 10 gold pieces at shops.

Inventory:

Hand Weapons
 a - a +0 war axe (weapon)
Missiles
 d - 3 throwing nets
 l - 2 poisoned darts (quivered)
 m - 7 silver javelins
Armour
 b - a +0 leather armour (melded)
 c - a +0 hat (melded)
Scrolls
 f - 4 scrolls of teleportation
 o - a scroll of identify
Potions
 h - a potion of magic {unknown}
 i - a potion of heal wounds {unknown}
 j - 4 potions of curing {unknown}
 k - a potion of brilliance {unknown}
 n - 2 potions of resistance {unknown}


   Skills:
 - Level 2.4 Fighting
 + Level 8.2 Axes
 - Level 2.0 Throwing
 - Level 3.2 Dodging


You had 5 spell levels left.
You didn't know any spells.
Your spell library was empty.

Dungeon Overview and Level Annotations

Branches:
Dungeon (4/15)
 Temple: D:4-7

Altars:
Cheibriados
Okawaru
Zin

Shops:
D:3 !

Annotations:
D:1 dig the monsters
D:4 Grinder


Innate Abilities, Weirdness & Mutations

You are a tree.
Your roots penetrate the ground, keeping you stationary.
You cannot be teleported.
You are immune to unholy pain and torment.
Your maximum health is greatly increased.
Your equipment is partially melded.
((You have a pair of horns on your head.))
((You reflexively headbutt those who attack you in melee.))


Message History

It was a potion of lignification.
You turn into a tree.
Your +0 hat melds into your body.
Your +0 leather armour melds into your body.
Your roots penetrate the ground.
The orc priest looks encouraged for a moment.
Grinder hits you.
* * * LOW HITPOINT WARNING * * *
The orc wizard gestures wildly while chanting.
The orc wizard flickers and vanishes!
Deactivating autopickup; reactivate with Ctrl-A.
The orc wizard gestures at you while chanting.
The magic dart hits you but does no damage.
It was a potion of attraction.
You feel attractive to monsters. The orc priest hits you with a +0 whip.
* * * LOW HITPOINT WARNING * * *
The kobold hits you with a +0 dagger.
* * * LOW HITPOINT WARNING * * *
Grinder gestures at you.
You suddenly lose the ability to move!
The orc wizard hits you but does no damage.
The orc priest hits you but does no damage.
The kobold barely misses you. Grinder gestures at you.
You shrug off the repeated paralysis!
The orc wizard hits you with a +0 dagger.
* * * LOW HITPOINT WARNING * * *
The orc priest hits you but does no damage.
The kobold hits you with a +0 dagger.
* * * LOW HITPOINT WARNING * * *
Grinder hits you but does no damage.
The orc wizard hits you with a +0 dagger.
* * * LOW HITPOINT WARNING * * *
The orc priest hits you with a +0 whip.
* * * LOW HITPOINT WARNING * * *
Grinder hits you but does no damage. The kobold hits you but does no damage.
The orc wizard barely misses you.
The orc priest invokes the aid of Beogh against you.
Beogh smites you!
You die...

..#...........#
..#........... #........
..#........... #........
............. #........
...........# #........
...........# #...(....
...........# #{.......
...........# #o5.."...
.......(...#####♣oJ.....
.................K......
.....#####.......#######
.....# #.......# .....#
#.......# ......
#.......# #### #.......#
#.......# #.......#


You could see Grinder, an orc priest, an orc wizard, an endoplasm and a kobold.

Vanquished Creatures
  A necrophage (D:4)
  A centaur skeleton (D:4)
  An iguana (D:4)
  A gnoll (D:3)
  5 adders
  2 worms (D:3)
  5 dart slugs
  An orc (D:4)
  5 endoplasms
  2 giant cockroaches
  4 hobgoblins
  8 jackals
  A quokka (D:1)
  9 ball pythons
  5 bats
  4 frilled lizards
  3 goblins
  10 kobolds
  6 rats
74 creatures vanquished.

Vanquished Creatures (others)
  6 plants (D:3)
6 creatures vanquished.

Grand Total: 80 creatures vanquished

Notes
Turn   | Place    | Note
-------+----------+-------------------------------------------
     0 | D:1      | hawla the Minotaur Gladiator began the quest for the Orb.
     0 | D:1      | Reached XP level 1. HP: 18/18 MP: 0/0
     6 | D:1      | Noticed a hound
     6 | D:1      | Noticed a scorpion
     6 | D:1      | Noticed a black mamba
     7 | D:1      | Noticed a wyvern
     7 | D:1      | Noticed a black bear
   197 | D:1      | Reached skill level 4 in Axes
   204 | D:1      | Reached XP level 2. HP: 21/25 MP: 1/1
   679 | D:1      | Reached skill level 5 in Axes
  1045 | D:2      | Reached XP level 3. HP: 23/30 MP: 2/2
  1366 | D:2      | Found a faded altar of an unknown god.
  1973 | D:2      | Reached skill level 6 in Axes
  1973 | D:2      | Reached XP level 4. HP: 17/37 MP: 3/3
  2372 | D:3      | Found a snail-covered altar of Cheibriados.
  2657 | D:3      | Found Digox's Distillery.
  2665 | D:3      | Bought a potion of degeneration for 10 gold pieces
  2771 | D:3      | Found a glowing silver altar of Zin.
  3315 | D:4      | Noticed a necrophage
  3324 | D:4      | Killed a necrophage
  3325 | D:4      | Reached skill level 7 in Axes
  3325 | D:4      | Reached XP level 5. HP: 33/42 MP: 4/4
  3393 | D:4      | Found an iron altar of Okawaru.
  3526 | D:4      | Reached skill level 8 in Axes
  3672 | D:4      | Noticed Grinder
  3677 | D:4      | Reached XP level 6. HP: 45/50 MP: 5/5
  3682 | D:4      | Paralysed by Grinder for 7 turns
  3686 | D:4      | Killed from afar by an orc priest

Illustrated notes

Levels and vault maps discovered:
D:1:      onia_arrival_zoo_common, layout_basic
D:2:      layout_basic, shapermc_ecumenical_altar_venn
D:3:      layout_basic, lemuel_tele_altar, mainiacjoe_overflow_alcove_1,
          serial_shops, shop, serial_bayou_pond_c, minmay_pentangle
D:4:      layout_basic, okawaru_gym_becter, uniq_grinder

Skill      XL: |  1  2  3  4  5 |
---------------+----------------+-----
Axes           | 4 5 6 7 8 |  8.2
Fighting       | |  2.4
Throwing       | |  2.0
Dodging        | |  3.2

Action                   |  1- 3 |  4- 6 || total
-------------------------+-------+-------++-------
Melee: War axe           |    83 |    75 ||   158
       Headbutt          |    11 |    15 ||    26
  Use: Scroll            |     1 |     2 ||     3
       Potion            |       |     2 ||     2
Armor: Leather armour    |    30 |    21 ||    51
       Skin              |       |     7 ||     7
Dodge: Dodged            |    79 |    36 ||   115
